 Dungeon Crawl Stone Soup version 0.30.1-9-gdf580d7c3d (webtiles) character file.

Game seed: 2616394813244749207

1173 eliilek the Basher (level 8, -7/64 HPs)
             Began as a Minotaur Berserker on Oct 10, 2023.
             Was an Elder of Trog.
             Killed from afar by an electric eel (11 damage)
             ... with a bolt of electricity
             ... on level 5 of the Dungeon.
             The game lasted 00:13:12 (5727 turns).

eliilek the Basher (Minotaur Berserker)             Turns: 5727, Time: 00:13:14

Health: -7/64      AC:  8    Str: 30    XL:     8   Next: 18%
Magic:  7/7        EV:  9    Int:  4    God:    Trog [****..]
Gold:   436        SH:  0    Dex: 10    Spells: 7/7 levels left

rFire   . . .        b - +0 sling
rCold   . . .        (no shield)
rNeg    . . .        d - +0 chain mail
rPois   .            (helmet restricted)
rElec   .            (no cloak)
rCorr   .            (no gloves)
SInv    .            (no boots)
Will    .....        (no amulet) Stlth
                     h - +6 ring of strength
HPRegen 0.30/turn    (no ring)
MPRegen 0.10/turn

%: no passive effects
@: no status effects
A: horns 2, retaliatory headbutt
a: Renounce Religion, Berserk, Trog's Hand, Brothers in Arms


You were on level 5 of the Dungeon.
You worshipped Trog.
Trog was greatly pleased with you.
You visited 1 branch of the dungeon, and saw 5 of its levels.
You also visited: Sewer.

You collected 436 gold pieces.

Inventory:

Hand Weapons
 a - a +0 flail
 b - a +0 sling (weapon)
Missiles
 j - 9 poisoned darts
Armour
 d - a +0 chain mail (worn)
 e - a +0 pair of boots
Jewellery
 h - a +6 ring of strength (left hand)
Wands
 p - a wand of flame (10)
Scrolls
 c - 5 scrolls of teleportation
 g - 2 scrolls of identify
 i - 3 scrolls of enchant weapon
 l - a scroll of summoning
Potions
 f - 5 potions of curing
 k - a potion of invisibility {unknown}
 m - 2 potions of haste
 n - 2 potions of cancellation {unknown}
 o - 3 potions of brilliance {unknown}
 q - a potion of lignification {unknown}
 r - a potion of heal wounds {unknown}
 s - 2 potions of resistance {unknown}


   Skills:
 - Level 3.6 Fighting
 * Level 12.1 Maces & Flails
 - Level 2.4 Armour
 - Level 2.1 Dodging


You had 7 spell levels left.
You didn't know any spells.
Your spell library was empty.

Dungeon Overview and Level Annotations

Branches:
Dungeon (5/15)              Sewer (visited)
 Temple: D:4-7

Altars:
Kikubaaqudgha
Wu Jian
Xom

Annotations:
D:5 1 transporter


Innate Abilities, Weirdness & Mutations

You have a pair of horns on your head.
You reflexively headbutt those who attack you in melee.


Message History

There is a fountain of sparkling water here.
You now have 436 gold pieces (gained 10).
You enter the shallow water.
Moving in this stuff is going to be slow.
You enter the shallow water.
Moving in this stuff is going to be slow.
There is a fountain of clear blue water here.
Partly explored, unvisited transporter.
Partly explored, unvisited transporter.
There is a stone staircase leading down here.
There is a transporter here.
You enter the transporter and appear at another place.
p - a wand of flame (10)
a - a +0 flail (weapon)
You open the door.
The electric eel shoots out a bolt of lightning at you!
The bolt of electricity hits you!
The electric eel shoots out a bolt of lightning at you!
The bolt of electricity hits you!
There is an open door here.
You close the door.
You start resting.
HP restored.
b - a +0 sling (weapon)
You open the door.
The electric eel shoots out a bolt of lightning at you!
The bolt of electricity hits you! x2
Fire: b) +0 sling
Press: ? - help, Q - select action, (/) - cycle Shift-Dir - straight line, f - electric eel
Aim: an electric eel (29% to hit)
You shoot a sling bullet.
The sling bullet misses the electric eel.
The electric eel shoots out a bolt of lightning at you!
The bolt of electricity hits you! x2
* * * LOW HITPOINT WARNING * * *
The electric eel shoots out a bolt of lightning at you!
The bolt of electricity hits you!
* * * LOW HITPOINT WARNING * * *
The bolt of electricity hits you!
You die...

.#.# #.#..####............## .#.#
#.#..................## .#.#
#.#.#####.#.####....... .#.#
#.#...........##......#
.#.########.####...####....##...#
............#....©....#.<........
.#.########.#.#######.#....##...#
......#####.#.#8.©.8#.##...##....
............#.#P@..P#.##...##....
.#.##.#####.#.###'###.#..........
>#.##.# #.#.#S...S#.#..........
.#.##.#####.#.#S...S#.#..........
............#.#~...~#.#.......###
....#.#######.#~.⌠.~#.####+...#~~
............#.#~...~#.# #.#.)#~~
....#.#####.#.#~...~#.# #.##.#~~
............#.#~...~#.# #.##.'~~


You could see 4 electric eels.

Vanquished Creatures
  The ghost of OlManJenkins the Firebug, an amateur DgFE (D:3)
  A water moccasin (D:5)
  An ogre (D:4)
  A phantom (D:4)
  A bullfrog (D:3)
  2 scorpions
  A howler monkey (D:5)
  A hound (D:4)
  A jelly (D:4)
  Terence (D:2)
  2 sleepcaps (D:4)
  An iguana (D:5)
  3 orc wizards
  A hell rat (Sewer)
  The ghost of Nedac819 the Digger, a weakling MeWn (D:3)
  Robin (D:2)
  5 gnolls
  5 adders
  2 river rats (Sewer)
  An ufetubus (D:3)
  2 worms (D:5)
  2 dart slugs
  21 orcs
  2 bat zombies (D:4)
  6 endoplasms
  2 giant cockroaches
  11 goblins
  14 hobgoblins
  4 jackals (D:2)
  6 kobolds
  7 quokkas
  8 ball pythons
  5 bats
  7 frilled lizards
  11 rats
  2 rat zombies (D:4)
143 creatures vanquished.

Notes
Turn   | Place    | Note
-------+----------+-------------------------------------------
     0 | D:1      | eliilek the Minotaur Berserker began the quest for the Orb.
     0 | D:1      | Reached XP level 1. HP: 19/19 MP: 0/0
    37 | D:1      | Reached skill level 4 in Maces & Flails
   109 | D:1      | Reached XP level 2. HP: 26/26 MP: 1/1
   191 | D:1      | Reached skill level 5 in Maces & Flails
   236 | D:1      | Reached XP level 3. HP: 28/31 MP: 2/2
   614 | D:2      | Reached ** piety under Trog
   809 | D:2      | Noticed Robin
   834 | D:2      | Killed Robin
   837 | D:2      | Reached XP level 4. HP: 35/39 MP: 3/3
   838 | D:2      | Reached skill level 6 in Maces & Flails
   934 | D:2      | Noticed Terence
   940 | D:2      | Killed Terence
  1946 | D:3      | Reached *** piety under Trog
  2015 | D:3      | Reached XP level 5. HP: 45/45 MP: 4/4
  2070 | D:3      | Reached skill level 7 in Maces & Flails
  2261 | D:3      | Found a runed translucent gate.
  2262 | D:3      | Found a runed translucent gate.
  2263 | D:3      | Found a runed translucent gate.
  2263 | D:3      | Noticed OlManJenkins's ghost (amateur DgFE)
  2263 | D:3      | Noticed Nedac819's ghost (weakling MeWn)
  2453 | D:3      | Killed Nedac819's ghost
  2456 | D:3      | Killed OlManJenkins's ghost
  2457 | D:3      | Reached skill level 8 in Maces & Flails
  2457 | D:3      | Reached XP level 6. HP: 51/51 MP: 5/5
  2544 | D:3      | Reached skill level 9 in Maces & Flails
  3129 | D:4      | Found an ancient bone altar of Kikubaaqudgha.
  3279 | D:4      | Reached XP level 7. HP: 57/57 MP: 6/6
  3349 | D:4      | Reached skill level 10 in Maces & Flails
  3498 | D:4      | Reached **** piety under Trog
  3846 | D:4      | Reached skill level 11 in Maces & Flails
  4070 | D:5      | Entered Level 5 of the Dungeon
  4085 | D:5      | Found a transporter.
  4322 | D:5      | Reached XP level 8. HP: 24/64 MP: 7/7
  4351 | D:5      | Found a glowing drain.
  4417 | Sewer    | Entered a sewer
  5012 | D:5      | Found a transporter.
  5245 | D:5      | Reached skill level 12 in Maces & Flails
  5390 | D:5      | Found an ornate altar of the Wu Jian Council.
  5524 | D:5      | Found a shimmering altar of Xom.
  5727 | D:5      | Killed from afar by an electric eel

Illustrated notes

Levels and vault maps discovered:
D:1:      scummos_arrival_checkerplants, layout_rooms, minmay_tetromino_t2
D:2:      layout_basic, kennysheep_generic_room_6, uniq_robin, uniq_terence
D:3:      layout_basic, gammafunk_ghost_cemetery, hangedman_decor_push,
          dreamdust_wishing_well
D:4:      layout_gridville, lemuel_zombie_altar_kikubaaqudgha
D:5:      gammafunk_steamed_eel, layout_basic, nzn_wu_jian_council_hall,
          tgw_xom, portal_sewer_entry_c

Skill      XL: |  1  2  3  4  5  6  7  8 |
---------------+-------------------------+-----
Maces & Flails | 4 5 6 8 9 11 12 | 12.1
Fighting       | |  3.6
Armour         | |  2.4
Dodging        | |  2.1

Action                     |  1- 3 |  4- 6 |  7- 9 || total
---------------------------+-------+-------+-------++-------
  Melee: Mace              |    60 |    63 |       ||   123
         Headbutt          |     5 |     9 |    14 ||    28
         Flail             |       |    47 |   100 ||   147
   Fire: Sling             |     5 |    64 |    37 ||   106
 Invoke: Berserk           |       |     2 |     1 ||     3
    Use: Scroll            |       |       |    11 ||    11
 Armour: Animal skin       |     3 |       |       ||     3
         Leather armour    |    14 |       |       ||    14
         Chain mail        |    12 |    78 |    43 ||   133
  Dodge: Dodged            |    43 |    55 |    42 ||   140
